 Dungeon Crawl Stone Soup version 0.20.0-8-g6b59dc7 (webtiles) character file.

51 Gorglomux the Skirmisher (level 3, -6/51 HPs)
             Began as a Minotaur Berserker on May 31, 2017.
             Was a Believer of Trog.
             Mangled by an ogre
             ... wielding a +0 giant club
              (18 damage)
             ... on level 6 of the Dungeon.
             The game lasted 00:00:48 (694 turns).

Gorglomux the Skirmisher (Minotaur Berserker)        Turns: 694, Time: 00:00:49

Health: -6/51      AC: 11    Str: 26    XL:     3   Next: 58%
Magic:  2/2        EV:  7    Int:  4    God:    Trog [**....]
Gold:   45         SH:  0    Dex: 10    Spells: 2/2 levels left

rFire    . . .     SeeInvis .   a - +0 hand axe
rCold    . . .     Gourm    .   (no shield)
rNeg     . . .     Faith    .   d - +0 plate armour
rPois    .         Spirit   .   (helmet restricted)
rElec    .         Reflect  .   (no cloak)
rCorr    .         Harm     .   (no gloves)
MR       .....                  (no boots)
Stlth    ..........             (no amulet)
Regen    0.2/turn               (no ring)
MPRegen  0.1/turn               (no ring)

@: berserking, very quick
A: retaliatory headbutt, horns 2
a: Berserk, Trog's Hand, Burn Spellbooks, Renounce Religion


You were on level 6 of the Dungeon.
You worshipped Trog.
Trog was pleased with you.
You were not hungry.

You visited 1 branch of the dungeon, and saw 4 of its levels.

You collected 45 gold pieces.

Inventory:

Hand Weapons
 a - a +0 hand axe (weapon)
Armour
 b - a +0 animal skin
 d - a +0 plate armour (worn)
Scrolls
 g - a scroll of identify {unknown}
 A - a scroll of remove curse {unknown}
Potions
 h - a potion of degeneration {unknown}
 i - a potion of haste {unknown}
Books
 j - a book of Maledictions

   Spells                             Type                      Level
   a - Corona                         Hexes                        1
   b - Ensorcelled Hibernation        Hexes/Ice                    2
   c - Confuse                        Hexes                        3
   d - Tukima's Dance                 Hexes                        3
   e - Dazzling Spray                 Conjuration/Hexes            3
   Trog disapproves of the use of such an item.
Comestibles
 c - 4 bread rations
 f - 4 chunks of flesh
 z - a meat ration


   Skills:
 + Level 4.4 Fighting
 + Level 4.3 Axes
 + Level 3.3 Armour
 - Level 2.1 Dodging


You had 2 spell levels left.
You didn't know any spells.

Dungeon Overview and Level Annotations

Branches:
Dungeon (3/15)

Altars:


Innate Abilities, Weirdness & Mutations

You reflexively headbutt those who attack you in melee.
You have a pair of horns on your head.


Message History

An ogre is nearby!
An ogre is nearby!
Unknown command.
An ogre is nearby!
Your plate armour prevents you from hitting the ogre.
You headbutt the ogre.
The ogre is moderately wounded.
The ogre hits you with a giant club!
* * * LOW HITPOINT WARNING * * *
You are too injured to fight recklessly!
You are too injured to fight recklessly!
You are too injured to fight recklessly!
You are too injured to fight recklessly!
An ogre is nearby!
Unknown command.
Unknown command.
A red film seems to cover your vision as you go berserk!
You feel yourself moving faster!
You feel mighty!
You feel a lot more hungry. The ogre hits you with a giant club!!
You die...

..# ### #.# ..# #.#
#.# #.# #.# ####<####
###.## #.......# #
....# #.##.##.#
#.#.##..## #.##.##.##
#...O@...####.#.......
###.##.#............##
#.##...####.#>..#.#
#.###### #.......# #.#
####.#### #.# #.# #.#
##'## #.# ##...##
#.#### ##.....##


You could see an ogre.

Vanquished Creatures
  An adder (D:2)
  An ooze (D:2)
  2 dart slugs (D:1)
  A leopard gecko (D:3)
  5 giant cockroaches
  3 goblins
  4 hobgoblins
  4 jackals (D:1)
  A quokka (D:3)
  A bat (D:3)
  2 frilled lizards
  2 kobolds
  3 rats
30 creatures vanquished.

Notes
Turn   | Place    | Note
-------+----------+-------------------------------------------
     0 | D:1      | Gorglomux the Minotaur Berserker began the quest for the Orb.
     0 | D:1      | Reached XP level 1. HP: 19/19 MP: 0/0
    76 | D:1      | Reached XP level 2. HP: 18/27 MP: 1/1
   252 | D:2      | Reached skill level 3 in Armour
   252 | D:2      | Reached XP level 3. HP: 33/33 MP: 2/2
   279 | D:2      | Reached ** piety under Trog
   553 | D:3      | You fall through a shaft for 3 floors!
   687 | D:6      | Noticed an ogre
   694 | D:6      | Mangled by an ogre

Skill      XL: |  1  2 |
---------------+-------+-----
Fighting       | 4 |  4.4
Axes           | 4 |  4.3
Armour         | 3 |  3.3
Dodging        | |  2.1

Action                   || total
-------------------------++-------
Melee: Hand axe          ||    67
       Headbutt          ||    18
Invok: Berserk           ||     1
Armor: Plate armour      ||    29
Dodge: Dodged            ||    28
